 Dungeon Crawl Stone Soup version 0.29-a0-1009-g60c99734e7 (webtiles) character file.

Game seed: 8686902386929744504

105 drpainis the Sneak (level 4, -1/21 HPs)
             Began as a Spriggan Enchanter on Aug 9, 2022.
             Killed by divine providence
             ... invoked by an orc priest
              (12 damage)
             ... on level 3 of the Dungeon.
             The game lasted 00:04:03 (2862 turns).

drpainis the Sneak (Spriggan Enchanter)             Turns: 2862, Time: 00:04:05

Health: -1/21      AC:  2    Str:  4    XL:     4   Next: 53%
Magic:  2/9        EV: 33    Int: 14    God:
Gold:   60         SH:  0    Dex: 17    Spells: 4/9 levels left

rFire   . . .      SeeInvis +   a - +1 dagger
rCold   . . .      Faith    .   (no shield)
rNeg    . . .      Spirit   .   b - +0 robe
rPois   .          Reflect  .   (helmet restricted)
rElec   .          Harm     .   (no cloak)
rCorr   +          Rampage  .   (gloves unavailable)
Will    .....                   (boots unavailable)
Stlth   ++++......              l - amulet of Iveil {Acrobat rCorr Int-2 Slay+2}
HPRegen 0.07/turn               (no ring)
MPRegen 0.11/turn               (no ring)

@: acrobatic, very quick
A: very small, no large weapons, unfitting armour, see invisible, speed 3
a: no special abilities


You were on level 3 of the Dungeon.
You visited 1 branch of the dungeon, and saw 3 of its levels.

You collected 60 gold pieces.

Inventory:

Hand Weapons
 a - a +1 dagger (weapon)
Armour
 b - a +0 robe (worn)
 k - a +0 troll leather armour
Jewellery
 l - the amulet of Iveil (around neck) {Acrobat rCorr Int-2 Slay+2}
   (You found it on level 2 of the Dungeon)

   [amulet of the acrobat]

   It increases your evasion while moving and waiting.
   Int:       It affects your intelligence (-2).
   Slay:      It affects your accuracy & damage with ranged weapons and melee
   (+2).
   rCorr:     It protects you from acid and corrosion.
Wands
 m - a wand of roots (2)
Scrolls
 e - a scroll of silence {unknown}
 f - a scroll of noise {unknown}
 g - a scroll of fear {unknown}
 j - a scroll of enchant weapon {unknown}
 o - 3 scrolls of identify {unknown}
 q - 2 scrolls of blinking {unknown}
 r - a scroll of teleportation {unknown}
Potions
 c - 2 potions of invisibility
 d - a potion of brilliance {unknown}
 h - a potion of degeneration {unknown}
 i - a potion of heal wounds {unknown}
 n - a potion of might {unknown}
 p - a potion of curing {unknown}


   Skills:
 + Level 0.2 Fighting
 + Level 2.2 Short Blades
 + Level 3.0 Dodging
 + Level 6.7 Stealth
 + Level 3.1 Spellcasting
 + Level 3.9 Hexes


You had 4 spell levels left.
You knew the following spells:

 Your Spells              Type           Power      Damage    Failure   Level
a - Ensorcelled Hibernat  Hex/Ice        14%        N/A       14%         2
b - Confusing Touch       Hex            13%        N/A       12%         3

Your spell library contained the following spells:

 Spells                   Type           Power      Damage    Failure   Level
 Tukima's Dance           Hex            13%        N/A       12%         3
 Dazzling Flash           Conj/Hex       14%        N/A       28%         3
 Portal Projectile        Hex/Tloc       14%        N/A       28%         3
 Blade Hands              Tmut           1%         N/A       99%         5


Dungeon Overview and Level Annotations

Branches:
Dungeon (3/15)

Altars:

Shops:
D:2 (=


Innate Abilities, Weirdness & Mutations

You are very small and have problems with some larger weapons.
You are too small for most types of armour.
You have supernaturally acute eyesight. (SInv)
You cover ground extremely quickly. (Speed+++)


Message History

You hit the bat.
You kill the bat!
Found a scroll labelled QESUSK PIPOD.
You start resting.
A goblin is nearby!
A goblin is nearby!
Casting: Ensorcelled Hibernation (safe; 14% risk of failure)
Confirm with . or Enter, or press ? or * to list all spells.
Okay, then.
Casting: Ensorcelled Hibernation (safe; 14% risk of failure)
Confirm with . or Enter, or press ? or * to list all spells.
Aiming: Ensorcelled Hibernation (safe; 14% risk of failure)
Press: ? - help, Shift-Dir - straight line, f/p - goblin
Aim: a goblin, wielding a +0 club and quivering stones (chance to affect: 58%)
The goblin resists with significant effort.
The goblin throws a stone.
The stone completely misses you.
Casting: Ensorcelled Hibernation (safe; 14% risk of failure)
Confirm with . or Enter, or press ? or * to list all spells.
You don't have enough magic to cast this spell.
Unknown command.
The goblin throws a stone.
The stone completely misses you.
r - a scroll labelled QESUSK PIPOD A ball python comes into view.
The goblin throws a stone.
The stone completely misses you.
The helpless ball python fails to defend itself.
You spit the ball python like a pig!!!
You kill the ball python!
You start resting.
A goblin is nearby!
An orc comes into view. It is wielding a +0 mace.
An orc priest, 2 orcs, a bat and 2 gnolls come into view.
An orc is wielding a +0 mace of protection.
A gnoll is wielding a +4 spear of flaming.
The orc priest shouts!
The gnoll shouts! x2; You hear a shout! x2
An orc and 2 gnolls come into view.
A gnoll is wielding a +1 flail of protection.
The orc shouts! x2; You hear a shout! x2
The orc priest mumbles some strange prayers to Beogh against you.
Beogh smites you!
Ouch! That really hurt!
You die...

#...♣♣♣..
...####
#..♣#
..g.... ##.♣
....... #.♣#
.......
#..♣♣♣g..
.##....
#........
#....
####.#.#.#..
#....
#....#...#
#....
#.#@###.##
#####
#..obg....#
###..g.o#..
#.g...#..
#o.o..#
#...g.#
#.o...#
......# ###


You could see an orc priest, 4 gnolls, 4 orcs and a bat.

Vanquished Creatures
  Jessica (D:2)
  2 adders
  A worm (D:2)
  2 orcs (D:3)
  4 ball pythons
  3 endoplasms (D:1)
  2 giant cockroaches
  4 goblins
  3 hobgoblins
  5 jackals (D:1)
  6 kobolds (D:1)
  2 quokkas (D:1)
  8 bats
  4 frilled lizards
  4 rats
51 creatures vanquished.

Vanquished Creatures (others)
  A fungus (D:1)
  4 plants (D:1)
5 creatures vanquished.

Grand Total: 56 creatures vanquished

Notes
Turn   | Place    | Note
-------+----------+-------------------------------------------
     0 | D:1      | drpainis the Spriggan Enchanter began the quest for the
                  | Orb.
     0 | D:1      | Reached XP level 1. HP: 9/9 MP: 5/5
   417 | D:1      | Reached skill level 5 in Stealth
   417 | D:1      | Reached XP level 2. HP: 10/13 MP: 7/7
  1325 | D:1      | Found a faded altar of an unknown god.
  1375 | D:1      | Reached XP level 3. HP: 16/16 MP: 8/8
  1553 | D:1      | Learned a level 2 spell: Ensorcelled Hibernation
  1557 | D:1      | Learned a level 3 spell: Confusing Touch
  1845 | D:2      | Identified the amulet of Iveil {Acrobat rCorr Int-2 Slay+2}
  1852 | D:2      | Found Biaced's Jewellery Boutique.
  1940 | D:2      | Noticed Jessica
  1948 | D:2      | Killed Jessica
  1949 | D:2      | Reached skill level 6 in Stealth
  1985 | D:2      | Found Wetedey's Weapon Emporium.
  2100 | D:2      | Reached XP level 4. HP: 21/21 MP: 9/9
  2862 | D:3      | Killed from afar by an orc priest

Illustrated notes

Levels and vault maps discovered:
D:1:      co_arrival_square_in_a_square_in_a_square, layout_loops_corners,
          shapermc_ecumenical_altar_mp_urbaneastern
D:2:      layout_loops_corners, serial_shops, shop, nicolae_shop_stone,
          uniq_jessica
D:3:      layout_basic, nicolae_overflow_hallway_of_the_gods,
          minmay_crystal_room, minmay_misc_feat_plants,
          minmay_stone_trees_small, st_stairs_11, serial_bayou_crossing

Skill      XL: |  1  2  3  4 |
---------------+-------------+-----
Spellcasting   | 3 |  3.1
Stealth        | 5 6 |  6.7
Dodging        | 3 |  3.0
Short Blades   | 2 |  2.2
Fighting       | |  0.2
Hexes          | |  3.9

Action                   |  1- 3 |  4- 6 || total
-------------------------+-------+-------++-------
Melee: Dagger            |    90 |    21 ||   111
       Punch             |     1 |       ||     1
 Cast: Ensorcelled Hiber |     1 |     8 ||     9
 Stab: Sleeping          |    20 |     8 ||    28
       Distracted        |       |     1 ||     1
Armor: Robe              |     9 |     3 ||    12
Dodge: Dodged            |    60 |    23 ||    83

Table legend: (Time is in decaauts)
 A = Elapsed time spent in this place.
 B = Non-inter-level travel time spent in this place.
 C = Inter-level travel time spent in this place.
 D = Time resting spent in this place.
 E = Time spent auto-exploring this place.
 F = Levels seen in this place.
 G = Mean time per level.
                   A        B        C        D        E       F      G
               +--------+--------+--------+--------+--------+-----+--------+
         Total |   2150 |   2114 |     36 |    168 |   1511 |   3 |  716.7 |
       Dungeon |   2150 |   2114 |     36 |    168 |   1511 |   3 |  716.7 |
               +--------+--------+--------+--------+--------+-----+--------+

Top non-repeatable levels by time:
     D:1: 1469 daAuts
     D:2: 543 daAuts
     D:3: 137 daAuts
